Workbook
Name Bidder: '[1]2. Cost Summary'!$C$3

Sheet 1. Instructions
B1: 1. INSTRUCTIONS
B2: DCC CSI Project Exhibit C: Cost Workbook RFP 2026-001
B3: Cost Workbook Instructions (no input required on this sheet)
B5: The cost worksheets list all costs required to design, configure, develop, implement, operate, and maintain the solution as defined in the Statement of Work (SOW).
B6: Bidders are required to complete cost worksheets 3 through 8 of this Cost Workbook.
B7: For any items indicated on the worksheets that have no cost, Bidder must indicate the cost as $0, not blank or N/A.
B8: Bidder is only permitted to input data to non-shaded cells.
B9: The Cost Workbook uses conditional formatting to determine which phases are valid in the cost worksheets. Bidder must not copy and paste data across phases.
B11: Description of Cost Worksheets
B12: 1. Instructions | C12: No bidder input required on this worksheet. Instructions provided for bidder to complete the cost workbook.
B13: 2. Cost Summary | C13: No bidder input required on this worksheet. Sheet calculates from data input on sheets 3 through 8.
B14: 3. Base Contract Deliverables | C14: Bidder enters costs associated with all project deliverables. The cost of each deliverable can be split between phases to represent the development phase(s) during which the deliverable will be submitted. Cost in phase 1 must not exceed 60% of the total project costs.
B15: 4. Mandatory-Optional | C15: Bidder enters cost for mandatory-optional functional requirements in each phase of the project.
B16: 5. Licensing Tools & Hosting Costs | C16: Bidder enters all licensing costs including all SaaS licensing and related software and tools pertaining to development, implementation, data migration, ongoing access, support and hosting (if applicable) of the solution. Indicate in the "Product Information | Description" Column whether the cost is one-time or ongoing. Bidder also enters license costs for two optional one-year Maintenance and Operations (M&O) periods. Costs for optional years may be different.
B17: 6. M&O Continous Support | C17: Bidder enters the fixed monthly Maintenance and Operations (M&O) services costs.
B18: 7. Staff Rate Sheet (UT) | C18: Bidder enters hourly rate information for Staff. Rates will be used in the calculation of Unanticipated Task (UT) costs.
B19: 8. Continuous Enhancements, improvements, or statutory and regulatory changes | C19: Bidder enters hourly rate information for Staff. Rates will be used for annual NTE amount for M&O Base contract and option year-1 and option year-2.

Sheet 2. Cost Summary
A1: 2. COST SUMMARY
A2: Bidder Name:
A3: Data entry not permitted. Sheet calculates automatically. | G3: Item Total
A4: PROJECT COSTS - YEARS 3.5
A5: 1 | B5: Base Contract Deliverables | G5: ='3. Base Contract Deliverables'!H31 -> 0
A6: 2 | B6: Licensing, Tools, and Hosting Cost
A7: 2.1 | B7: Licensing, Tools, and Hosting Cost - 30-months (2.5 Years)- BASE CONTRACT | G7: =SUM('5.Licensing Tools Hosting Costs'!J29,'5.Licensing Tools Hosting Costs'!L29,'5.Licensing Tools Hosting Costs'!N29,'5.Licensing Tools Hosting Costs'!J50,'5.Licensing Tools Hosting Costs'!L50,'5.Licensing Tools Hosting Costs'!N50) -> 0
A8: 2.2 | B8: Licensing, Tools, and Hosting Cost - 12-months (1-year) M&O - BASE CONTRACT | G8: ='5.Licensing Tools Hosting Costs'!O53 -> 0
A9: 3 | B9: Maintenance and Operations Activities
A10: 3.1 | B10: Maintenance and Operations - 12-months (1-Year) M&O - BASE CONTRACT | G10: ='6. M&O Continuous Support'!D6 -> 0
B11: (A) TOTAL PROJECT COST | G11: =SUM(G5,G7,G8,G10) -> 0
A13: MAINTENANCE AND OPERATIONS COSTS - TWO (12-MONTHS) OPTIONAL YEARS
A14: 4 | B14: Licensing, Tools, and Hosting Cost - OPTIONAL YEAR 1 | G14: ='5.Licensing Tools Hosting Costs'!P53 -> 0
A15: 5 | B15: Maintenance and Operations - OPTIONAL YEAR 1 | G15: ='6. M&O Continuous Support'!D8 -> 0
A16: (B) TOTAL OPTIONAL YEAR 1 COST: | G16: =SUM(G14:G15) -> 0
A17: 6 | B17: Licensing, Tools, and Hosting Cost - OPTIONAL YEAR 2 | G17: ='5.Licensing Tools Hosting Costs'!Q53 -> 0
A18: 7 | B18: Maintenance and Operations - OPTIONAL YEAR 2 | G18: ='6. M&O Continuous Support'!D10 -> 0
A19: (C)TOTAL OPTIONAL YEAR 2 COST | G19: =SUM(G17:G18) -> 0
A21: CONTINIOUS ENHANCEMENT, STATUTORY AND LEGISLATIVE CHANGES
A22: 8 | B22: Continuous Enhancements, Statutory and Legislative Changes - Base Term 12-months | G22: 2480000
A23: 9 | B23: Continuous Enhancements, Statutory and Legislative Changes - Optional Year-1 | G23: 1590000
A24: 10 | B24: Continuous Enhancements, Statutory and Legislative Changes - Optional Year-2 | G24: 835000
A25: (D) TOTAL CONTINIOUS ENHANCEMENT, STATUTORY AND LEGISLATIVE CHANGES COST | G25: =SUM(G22:G24) -> 4905000
A27: MANDATORY OPTIONAL
A28: 11 | B28: 4. Mandatory-Optional | G28: ='4. Mandatory-Optional'!H9 -> 0
A29: (E)TOTAL MANDATORY OPTIONAL COST | G29: =G28 -> 0
A31: BASE CONTRACT
A32: 12 | B32: Total Project Cost | G32: =G11 -> 0
A33: 13 | B33: Unanticipated Tasks (10% of Project Cost): | G33: =(G5+G7+G8)*0.1 -> 0
A34: BASE CONTRACT GRAND TOTAL | G34: =SUM(G32:G33) -> 0
A36: EVALUATION TOTAL
A37: 14 | B37: 7. Staff Rate Sheet (UT) (F) | G37: ='7. Staff Rate Sheet (UT)'!F13 -> 0
A38: 15 | B38: 8. Continuous Enhancements, Improvements or Statutory and Legislative Changes (G) | G38: ='8. Continuous Enhancements '!F13 -> 0
A39: EVALUATION GRAND TOTAL (A+B+C+D+E+F+G) | G39: =SUM(G11,G16,G19,G25,G29,G37,G38) -> 4905000

Sheet 3. Base Contract Deliverables
A1: 3. BASE CONTRACT DELIVERABLES
A2: Bidder Name:
A3: The Contractor shall deliver the Project using an agile scrum methodology and a phased implementation approach consisting of two phases, Phase 1 and Phase 2 per SOW Section 30 Phased Implementation and Production Support. End-user availability will begin after production implementation of the first phase and continue until phase 2 is complete. Provide phased costs in columns F and G, below. Only use columns as needed to represent the development phase(s) during which the deliverable, task or work product will be submitted. NOTE: 2.2 System Implementation work product may include multiple sprint cycles, depending on the Contractor's system development plan. Based on the development approach, deliverable payment may be split. Total cost for phase 1 must not exceed 60% of the Base Contract Deliverable Cost. The remaining will be allocated to phase 2.
A4: Item # | B4: Deliverable or Task | C4: Not to Exceed % | D4: SOW ID | E4: Type | F4: Phase 1 | G4: Phase 2 | H4: Total Base Contract Deliverable Cost | I4: State Withhold | J4: Total Contractor Payment (Net of Withhold)
F5: Deliverable Cost | G5: Deliverable Cost | I5: 0.2
A6: 1 | B6: Project Management | F6: =SUM(F7:F23) -> 0 | G6: =SUM(G7:G23) -> 0 | H6: =SUM(F6:G6) -> 0 | I6: =$I$5*H6 -> 0 | J6: =SUM(H6-I6) -> 0
A7: 1.1 | B7: Project Schedule | C7: 0.05 | D7: S.15.1.2 | E7: Deliverable | H7: =SUM(F7:G7) -> 0 | I7: =$I$5*H7 -> 0 | J7: =SUM(H7-I7) -> 0
A8: 1.2 | B8: System Development Plan | D8: S.15.1.3 | E8: Deliverable | H8: =SUM(F8:G8) -> 0 | I8: =$I$5*H8 -> 0 | J8: =SUM(H8-I8) -> 0
A9: 1.3 | B9: System Security Plan | D9: S.15.1.4 | E9: Deliverable | H9: =SUM(F9:G9) -> 0 | I9: =$I$5*H9 -> 0 | J9: =SUM(H9-I9) -> 0
A10: 1.4 | B10: Technical Design Document | D10: S.15.1.5 | E10: Deliverable | H10: =SUM(F10:G10) -> 0 | I10: =$I$5*H10 -> 0 | J10: =SUM(H10-I10) -> 0
A11: 1.5 | B11: Functional Design Document | D11: S.15.1.6 | E11: Deliverable | H11: =SUM(F11:G11) -> 0 | I11: =$I$5*H11 -> 0 | J11: =SUM(H11-I11) -> 0
A12: 1.6 | B12: Maintenance and Operations Plan | D12: S.15.1.7 | E12: Deliverable | H12: =SUM(F12:G12) -> 0 | I12: =$I$5*H12 -> 0 | J12: =SUM(H12-I12) -> 0
A13: 1.7 | B13: Disaster Recovery Plan | D13: S.15.1.8 | E13: Deliverable | H13: =SUM(F13:G13) -> 0 | I13: =$I$5*H13 -> 0 | J13: =SUM(H13-I13) -> 0
A14: 1.8 | B14: Transition Plan | D14: S.15.1.9 | E14: Deliverable | H14: =SUM(F14:G14) -> 0 | I14: =$I$5*H14 -> 0 | J14: =SUM(H14-I14) -> 0
A15: 1.9 | B15: Bi-weekly Schedule Updates | D15: S.15.1.10 | E15: Deliverable | H15: =SUM(F15:G15) -> 0 | I15: =$I$5*H15 -> 0 | J15: =SUM(H15-I15) -> 0
A16: 1.1 | B16: Monthly Status Report | D16: S.15.1.11 | E16: Deliverable | H16: =SUM(F16:G16) -> 0 | I16: =$I$5*H16 -> 0 | J16: =SUM(H16-I16) -> 0
A17: 1.11 | B17: Data Conversion Plan | D17: S.15.7.2 | E17: Deliverable | H17: =SUM(F17:G17) -> 0 | I17: =$I$5*H17 -> 0 | J17: =SUM(H17-I17) -> 0
A18: 1.12 | B18: Knowledge Transfer and Training Plan | D18: S.15.6.1 | E18: Deliverable | H18: =SUM(F18:G18) -> 0 | I18: =$I$5*H18 -> 0 | J18: =SUM(H18-I18) -> 0
A19: 1.13 | B19: Knowledge Transfer and Training Delivery Evaluation and Summary Report | D19: S.15.6.9 | E19: Deliverable | H19: =SUM(F19:G19) -> 0 | I19: =$I$5*H19 -> 0 | J19: =SUM(H19-I19) -> 0
... A23: 1.17 | B23: Go-live Report | D23: S.15.8.2 | E23: Deliverable | H23: =SUM(F23:G23) -> 0 | I23: =$I$5*H23 -> 0 | J23: =SUM(H23-I23) -> 0
A24: 2 | B24: Design, Development, and Implementation | F24: =SUM(F25:F30) -> 0 | G24: =SUM(G25:G30) -> 0 | H24: =SUM(H25:H30) -> 0 | I24: =$I$5*H24 -> 0 | J24: =SUM(H24-I24) -> 0
A25: 2.1 | B25: Provision and set-up of all system environments | C25: 0.95 | D25: S.15.2.1 | E25: Work Product | H25: =SUM(F25:G25) -> 0 | I25: =$I$5*H25 -> 0 | J25: =SUM(H25-I25) -> 0
A26: 2.2 | B26: System Implementation | D26: S.15.2.2 | E26: Work Product | H26: =SUM(F26:G26) -> 0 | I26: =$I$5*H26 -> 0 | J26: =SUM(H26-I26) -> 0
A27: 2.3 | B27: System Testing | D27: S.15.4.1 | E27: Task | H27: =SUM(F27:G27) -> 0 | I27: =$I$5*H27 -> 0 | J27: =SUM(H27-I27) -> 0
A28: 2.4 | B28: Data Conversion | D28: S.15.7.3 | E28: Work Product | H28: =SUM(F28:G28) -> 0 | I28: =$I$5*H28 -> 0 | J28: =SUM(H28-I28) -> 0
A29: 2.5 | B29: Knowledge Transfer and Training | D29: S.15.6.7 | E29: Task | H29: =SUM(F29:G29) -> 0 | I29: =$I$5*H29 -> 0 | J29: =SUM(H29-I29) -> 0
A30: 2.6 | B30: Full System Acceptance Attestation Letter | D30: S.15.6.7 | E30: Task | H30: =SUM(F30:G30) -> 0 | I30: =$I$5*H30 -> 0 | J30: =SUM(H30-I30) -> 0
A31: TOTAL CONTRACT DELIVERABLES COST: | F31: =SUM(F6,F24) -> 0 | G31: =SUM(G6,G24) -> 0 | H31: =SUM(H6,H24) -> 0 | I31: =$I$5*H31 -> 0 | J31: =SUM(H31-I31) -> 0

Sheet 4. Mandatory-Optional
A1: 4. MANDATORY OPTIONAL FUNCTIONAL REQUIREMENTS
A2: Bidder Name | C2: ='3. Base Contract Deliverables'!C2 -> 0
A3: Mandatory Optional are not negotiable. To be considered responsive, all requirements identified as (MO) must receive a cost in Column E. It is at the State’s option/discretion on whether to utilize the option in the Contract.
A4: Item # | B4: Deliverable or Task | D4: SOW ID | E4: Type | F4: Phase 1 | G4: Phase 2 | H4: Total Mandatory-Optional Cost | I4: State Withhold | J4: Total Contractor Payment (Net of Withhold)
F5: Cost | G5: Cost | I5: 0.2
A6: 1.1 | B6: Mandatory-Optional FG-93: The system shall support bi-directional data exchange with state and federal systems, values determined by DCC and provide fail and success reports, for new legislative driven license types. | D6: S.15.2.2 | E6: Work Product | H6: =SUM(F6:G6) -> 0 | I6: =$I$5*H6 -> 0 | J6: =SUM(H6-I6) -> 0
A7: 1.2 | B7: Mandatory-Optional FG-94: The system shall support the configuration and management of new legislatively-mandated license types (up to five in total), including fees, variable fee rules, expiration date assignment rules, eligibility rules, owner relationship requirements, and required licensing disclosures. | D7: S.15.2.2 | E7: Work Product | H7: =SUM(F7:G7) -> 0 | I7: =$I$5*H7 -> 0 | J7: =SUM(H7-I7) -> 0
A8: 1.3 | B8: Mandatory-Optional FG-95: The system shall support modification of license types to conform with legislatively-mandated changes to fees, variable fee rules, expiration date assignment rules, eligibility rules, owner relationship requirements, and required licensing disclosures. | D8: S.15.2.2 | E8: Work Product | H8: =SUM(F8:G8) -> 0 | I8: =$I$5*H8 -> 0 | J8: =SUM(H8-I8) -> 0
A9: TOTAL CONTRACT DELIVERABLES COST: | F9: =SUM(F6:F8) -> 0 | G9: =SUM(G6:G8) -> 0 | H9: =SUM(H6:H8) -> 0 | I9: =$I$5*H9 -> 0 | J9: =SUM(H9-I9) -> 0

Sheet 5.Licensing Tools Hosting Costs
A1: 5. LICESNING, TOOLS, HOSTING COSTS
A2: Bidder Name | C2: ='3. Base Contract Deliverables'!C2 -> 0
A3: Bidders shall identify the number of licenses required at the time the service becomes operational. Certain licenses may not be required during the initial project year (Project Year 1); therefore, the corresponding cost for those line items may be reflected as zero ($0) during that period. License quantities and associated costs may increase in subsequent periods based on system deployment progress and operational needs. The Contractor shall provide costs for all software licenses required and purchase such licenses from software contractors and/or resellers, and any third-party tools necessary to meet the functional and non-functional requirement to support the proposed SaaS Solution. Please identify all Production and Non-Production environments required. All such purchased items shall be procured in the name of DCC, with ownership vested in DCC. The Contractor shall be responsible for making payments for these items for the duration of the contract.
A4: A. SOFTWARE TOOLS COSTS (including Third Party or Other) | H4: Base Contract 42-months (Years 3.5) | P4: Optional Years
A5: Item # | B5: Product Name | C5: Product Information | Description | D5: SKU | E5: SLP# | F5: Purpose | H5: Unit Cost | I5: Qty. Year 1 (12-months) | J5: Year 1 (12-months) | K5: Qty. Year 2 (12-months) | L5: Year 2 (12-months) | M5: Qty. Year 3 (6-months) | N5: Year 3 (6-months) | O5: Licensing Costs 12-months M&O | P5: Licensing Costs 12-months M&O (OPTIONAL YEAR ONE) | Q5: Licensing Costs 12-months M&O (OPTIONAL YEAR TWO)
A6: 1 | B6: Software | J6: =H6*I6 -> 0 | L6: =H6*K6 -> 0 | N6: =SUM(H6*M6) -> 0
J7: =H7*I7 -> 0 | L7: =H7*K7 -> 0 | N7: =SUM(H7*M7) -> 0
J8: =H8*I8 -> 0 | L8: =H8*K8 -> 0 | N8: =SUM(H8*M8) -> 0
J9: =H9*I9 -> 0 | L9: =H9*K9 -> 0 | N9: =SUM(H9*M9) -> 0
J10: =H10*I10 -> 0 | L10: =H10*K10 -> 0 | N10: =SUM(H10*M10) -> 0
J11: =H11*I11 -> 0 | L11: =H11*K11 -> 0 | N11: =SUM(H11*M11) -> 0
J12: =H12*I12 -> 0 | L12: =H12*K12 -> 0 | N12: =SUM(H12*M12) -> 0
J13: =H13*I13 -> 0 | L13: =H13*K13 -> 0 | N13: =SUM(H13*M13) -> 0
J14: =H14*I14 -> 0 | L14: =H14*K14 -> 0 | N14: =SUM(H14*M14) -> 0
J15: =H15*I15 -> 0 | L15: =H15*K15 -> 0 | N15: =SUM(H15*M15) -> 0
J16: =H16*I16 -> 0 | L16: =H16*K16 -> 0 | N16: =SUM(H16*M16) -> 0
J17: =H17*I17 -> 0 | L17: =H17*K17 -> 0 | N17: =SUM(H17*M17) -> 0
J18: =H18*I18 -> 0 | L18: =H18*K18 -> 0 | N18: =SUM(H18*M18) -> 0
... J28: =H28*I28 -> 0 | L28: =H28*K28 -> 0 | N28: =SUM(H28*M28) -> 0
B29: TOTAL: | J29: =SUM(J6:J28) -> 0 | L29: =SUM(L6:L28) -> 0 | N29: =SUM(N6:N28) -> 0 | O29: =SUM(O6:O28) -> 0 | P29: =SUM(P6:P28) -> 0 | Q29: =SUM(Q6:Q28) -> 0
A30: TOTAL COST 2.5 YEARS | N30: =SUM(J29,L29,N29) -> 0
A32: B. HOSTING INCLUDING CLOUD, DATA, INFRASTRUCTURE, SERVICES COSTS | H32: Base Contract 42-months (Years 3.5) | P32: Optional Years
A33: Item # | B33: Product Name | C33: Product Information | Description (Number, Version, Open Source or Proprietary) | D33: SKU | E33: SLP# | F33: Purpose | H33: Unit Cost | I33: Qty. Project Year 1 (12-months) | J33: Year 1 (12-months) | K33: Qty Year 2 (12-months) | L33: Year 2 (12-months) | M33: Qty. Year 3 (6-months) | N33: Year 3 (6-months) | O33: Licensing Costs 12-months M&O | P33: Licensing Costs 12-months M&O (OPTIONAL YEAR ONE) | Q33: Licensing Costs 12-months M&O (OPTIONAL YEAR TWO)
J34: =SUM(H34*I34) -> 0 | L34: =SUM(H34*K34) -> 0 | N34: =SUM(H34*M34) -> 0
J35: =SUM(H35*I35) -> 0 | L35: =SUM(H35*K35) -> 0 | N35: =SUM(H35*M35) -> 0
J36: =SUM(H36*I36) -> 0 | L36: =SUM(H36*K36) -> 0 | N36: =SUM(H36*M36) -> 0
J37: =SUM(H37*I37) -> 0 | L37: =SUM(H37*K37) -> 0 | N37: =SUM(H37*M37) -> 0
J38: =SUM(H38*I38) -> 0 | L38: =SUM(H38*K38) -> 0 | N38: =SUM(H38*M38) -> 0
J39: =SUM(H39*I39) -> 0 | L39: =SUM(H39*K39) -> 0 | N39: =SUM(H39*M39) -> 0
J40: =SUM(H40*I40) -> 0 | L40: =SUM(H40*K40) -> 0 | N40: =SUM(H40*M40) -> 0
J41: =SUM(H41*I41) -> 0 | L41: =SUM(H41*K41) -> 0 | N41: =SUM(H41*M41) -> 0
J42: =SUM(H42*I42) -> 0 | L42: =SUM(H42*K42) -> 0 | N42: =SUM(H42*M42) -> 0
J43: =SUM(H43*I43) -> 0 | L43: =SUM(H43*K43) -> 0 | N43: =SUM(H43*M43) -> 0
J44: =SUM(H44*I44) -> 0 | L44: =SUM(H44*K44) -> 0 | N44: =SUM(H44*M44) -> 0
J45: =SUM(H45*I45) -> 0 | L45: =SUM(H45*K45) -> 0 | N45: =SUM(H45*M45) -> 0
... J49: =SUM(H49*I49) -> 0 | L49: =SUM(H49*K49) -> 0 | N49: =SUM(H49*M49) -> 0
B50: TOTAL: | J50: =SUM(J34:J49) -> 0 | L50: =SUM(L34:L49) -> 0 | N50: =SUM(N34:N49) -> 0 | O50: =SUM(O34:O49) -> 0 | P50: =SUM(P34:P49) -> 0 | Q50: =SUM(Q34:Q49) -> 0
A51: TOTAL COST 2.5 YEARS | N51: =SUM(J50,L50,N50) -> 0
A53: TOTAL Licensing, Tools, & Hosting Cost (Base Contract [2.5 Years + 1 Year M&O] & Optional Years [Year 1 and Year 2]): | N53: =SUM(N30,N51) -> 0 | O53: =SUM(O29,O50) -> 0 | P53: =SUM(P29,P50) -> 0 | Q53: =SUM(Q29,Q50) -> 0

Sheet 5. Maintenance & Operations
A1: 5. Maintenance & Operations Continuous Support
B2: Bidder Name:
A3: Item # | B3: Cost Category | C3: Payment Type | G3: Unit of Measure | H3: Est. Unit Total (Hypothetical - For Evaluation Purposes) | I3: Bidder Proposed Monthly Service Fee Per Unit | J3: Monthly Service Cost Total | K3: Annual Service Cost Total | L3: BIDDER COMMENTS (Enter comment if proposed cost in column H equals $0.)
B4: 12-months Maintenance & Operations - BASE CONTRACT
A5: 1 | B5: Maintenance Activities | C5: Monthly Service Fee | G5: Service | H5: 1 | I5: 0 | J5: =SUM(H5*I5) -> 0 | K5: =SUM(J5*12) -> 0
B6: 12-months Maintenance & Operations - OPTIONAL YEAR
A7: 1 | B7: Maintenance Activities | C7: Monthly Service Fee | G7: Service | H7: 1 | I7: 0 | J7: =SUM(H7*I7) -> 0 | K7: =SUM(J7*12) -> 0
B8: 12-months Maintenance & Operations - OPTIONAL YEAR
A9: 1 | B9: Maintenance Activities | C9: Monthly Service Fee | G9: Service | H9: 1 | I9: 0 | J9: =SUM(H9*I9) -> 0 | K9: =SUM(J9*12) -> 0
B11: TOTAL | K11: =SUM(K5,K7,K9) -> 0
B13: Maintenance and Operations Continuous Support
B14: The State expects during the 12-months of the first base contract year and the two (2), one (1) year options of the contract period, enhancements, improvements, or statutory and regulatory changes may necessitate changes to the solution. These changes will be structured based on the Contractor’s hourly labor rates identified in the cost worksheet, table 5.1 below. No work can be performed in advance of State's approval via the Work Order Authorization process, SOW Section 16. Costs for monthly service activities, tasks and deliverables identified in SOW section 32 Maintenance and Operations (M&O), shall also be considered in the below bucket of hours for the 12-months of the first base contract year and the two (2), one (1) year options of the contract period. The hours in columns C, F, and I are determined by the State. Bidders may propose alternatives in the 6611 Negotiation phase of the solicitation period as identified in SOW Section 2.3 Key action Dates. Hours below are considered maximum hours for each period. State reserves the right to use hours across classifications as needed throughout the 12-months of the first base contract year and the two (2), one (1) year options of the contract period. The Contractor may use other classifications not listed in this Cost Worksheet to perform work; however the hourly rate charged by the Contractor will be at the lowest classification hourly rate provided in Table 10.4.1. Note: The Contractor may use other non-key staff classifications not listed in this Cost Worksheet to perform work; however the hourly rate charged by the Contractor will be at the lowest classification hourly rate provided in Table 5.1
B17: Table 5.1 Contractor's Staff Roles/Hourly Rates for Continuous Integration and Continuous Development For Optional Years
D18: M&O Base Contract | G18: Optional Year 1 | J18: Optional Year 2 | M18: Total Years
B19: Qty | C19: (A) Staff Role/Title | D19: (B) Hourly Labor Rate | E19: ( C) Maximum Hours for 12-months base contract | F19: (D) Base Contract Evaluation Cost Total (BxC) = (D) | G19: (E) Hourly Labor Rate | H19: (F) Hours for Optional Year 1 | I19: (G) Option Year 1 Evaluation Cost Total (ExF=G) | J19: (H) Hourly Labor Rate | K19: (I) Hours for Optional Year 1 | L19: (J) Option Year 2 Evaluation Cost Total (HxI=J) | M19: (K) Evaluation Total (D+G+J=K)
B20: 1 | C20: Technical Lead (Key Staff) | D20: 240 | E20: 1920 | F20: =SUM(D20*E20) -> 460800 | H20: 960 | I20: =ROUND(G20*H20,2) -> 0 | K20: 480 | L20: =J20*K20 -> 0 | M20: =SUM(F20+I20+L20) -> 460800
B21: 1 | C21: Configuration Lead (Key Staff) | D21: 220 | E21: 1920 | F21: =SUM(D21*E21) -> 422400 | H21: 960 | I21: =ROUND(G21*H21,2) -> 0 | K21: 480 | L21: =J21*K21 -> 0 | M21: =SUM(F21+I21+L21) -> 422400
B22: 1 | C22: Project Manager | D22: 300 | E22: 1500 | F22: =SUM(D22*E22) -> 450000 | H22: 960 | I22: =ROUND(G22*H22,2) -> 0 | K22: 480 | L22: =J22*K22 -> 0 | M22: =SUM(F22+I22+L22) -> 450000
B23: 1 | C23: Business Analyst Lead (Key Staff) | D23: 180 | E23: 1920 | F23: =SUM(D23*E23) -> 345600 | H23: 960 | I23: =ROUND(G23*H23,2) -> 0 | K23: 480 | L23: =J23*K23 -> 0 | M23: =SUM(F23+I23+L23) -> 345600
B24: 1 | C24: Scum Master (Key Staff) | E24: 0 | F24: =SUM(D24*E24) -> 0 | H24: 0 | I24: =ROUND(G24*H24,2) -> 0 | K24: 0 | L24: =J24*K24 -> 0 | M24: =SUM(F24+I24+L24) -> 0
B25: TBD | C25: Developer(s) | D25: 170 | E25: 1920 | F25: =SUM(D25*E25) -> 326400 | H25: 960 | I25: =ROUND(G25*H25,2) -> 0 | K25: 480 | L25: =J25*K25 -> 0 | M25: =SUM(F25+I25+L25) -> 326400
B26: TBD | C26: Configurator(s) | D26: 170 | E26: 3840 | F26: =SUM(D26*E26) -> 652800 | H26: 1920 | I26: =ROUND(G26*H26,2) -> 0 | K26: 480 | L26: =J26*K26 -> 0 | M26: =SUM(F26+I26+L26) -> 652800
B27: TBD | C27: Business Analyst(s) | D27: 170 | E27: 1920 | F27: =SUM(D27*E27) -> 326400 | H27: 480 | I27: =ROUND(G27*H27,2) -> 0 | K27: 0 | L27: =J27*K27 -> 0 | M27: =SUM(F27+I27+L27) -> 326400
B28: Total for Maintenance and Operations Continuous Support | E28: =SUM(E20:E27) -> 14940 | F28: =SUM(F20:F27) -> 2984400 | H28: =SUM(H20:H27) -> 7200 | I28: =SUM(I20:I27) -> 0 | K28: =SUM(K20:K27) -> 2880 | L28: =SUM(L20:L27) -> 0 | M28: =SUM(M20:M27) -> 2984400
F29: =SUM(F25:F27) -> 1305600
D30: *1920 hours = Full year per PY
A32: The following activities are explicitly non-billable and shall be fully absorbed by the System Integrator. No hours or costs associated with these activities may be charged, invoiced, or applied against any Work Order Authorization (WOA), hourly allocation, or not-to-exceed amount. | F32: =SUM(F20:F23) -> 1678800
A33: Non-Billable Categories
A34: 1 | B34: Internal Contractor management overhead, including internal supervision, internal reporting, staffing management, or administrative coordination not expressly requested by the State.
A35: 2 | B35: Internal quality rework, including correction of defects, errors, omissions, or deficiencies resulting from Contractor performance or failure to meet agreed requirements.
A36: 3 | B36: Contractor onboarding, ramp-up, and staff turnover activities, including orientation, training, shadowing, knowledge acquisition, replacement staffing, or transition activities.
A37: 4 | B37: Internal Contractor knowledge transfer, including transfer of information or responsibilities between Contractor personnel or subcontractors.
A38: 5 | B38: Idle, standby, or on-call time, including time during which Contractor staff are available but not actively performing State-authorized work.
A39: 6 | B39: Internal Contractor meetings, including internal status meetings, coordination meetings, or planning sessions not attended by or expressly requested by the State.
A40: 7 | B40: Contractor staff ramp-up time, including time spent achieving required productivity, familiarity with the Solution, tools, environments, or processes.

Sheet 6. M&O Continuous Support
A1: 6. MAINTENANCE AND OPERATION CONTINOUS SUPPORT
A2: Bidder Name: | B2: ='3. Base Contract Deliverables'!C2 -> 0
A3: Fixed Monthly Services (SOW Section 31 Table 31A) *Costs for monthly service activities, tasks and deliverables identified in SOW section 31 Maintenance and Operations (M&O), SOW section 32 Help Desk Support, and SOW section 35 Service Level Agreements shall be covered in the 12-months of the first base contract year and the two (2), one (1) year options of the contract period.
A4: Item # | B4: Cost Category | C4: Monthly Service Cost | D4: Annual Service Cost Total
B5: 12-months Maintenance & Operations - BASE CONTRACT
A6: 1 | B6: Maintenance Activities | D6: =C6*12 -> 0
B7: 12-months Maintenance & Operations - OPTIONAL YEAR 1
A8: 2 | B8: Maintenance Activities | D8: =C8*12 -> 0
B9: 12-months Maintenance & Operations - OPTIONAL YEAR 2
A10: 3 | B10: Maintenance Activities | D10: =C10*12 -> 0
B11: TOTAL | D11: =SUM(D6,D8,D10) -> 0

Sheet 7. Staff Rate Sheet (UT)
A1: 7. STAFF RATE SHEET (UT)
A2: Bidder Name: | C2: ='3. Base Contract Deliverables'!C2 -> 0
A3: Hourly rate information will be used in the calculation of Unanticipated Task (UT) costs. Bidder to add additional staff as needed. Unanticipated Tasks: (May only be utilized during the Base Contract Term) Unanticipated tasks are statutory and regulatory changes or additional work that must be performed and are within scope of the awarded contract, but were not identified in the State's solicitation document or Statement of Work (SOW) that may necessitate changes. The Contractor may use other classifications not listed in this Cost Worksheet to perform work; however, the hourly rate charged by the Contractor will be at the lowest classification hourly rate provided.
A4: Item # | B4: Job Classification Title | D4: Hourly Rate (A) | E4: Estimated Hours (Evaluation Purposes Only (B)) | F4: Evaluation Total (C) (A*B=C)
A5: 1 | B5: Project Manager | E5: 2000 | F5: =SUM(D5*E5) -> 0
A6: 2 | B6: Scrum Master | E6: 2000 | F6: =SUM(D6*E6) -> 0
A7: 3 | B7: Business Analyst Lead | E7: 2000 | F7: =SUM(D7*E7) -> 0
A8: 4 | B8: Configuration Lead | E8: 2000 | F8: =SUM(D8*E8) -> 0
A9: 5 | B9: Technical Lead | E9: 2000 | F9: =SUM(D9*E9) -> 0
A10: 6 | B10: Developer | E10: 2000 | F10: =SUM(D10*E10) -> 0
A11: 7 | B11: Business Analyst | E11: 2000 | F11: =SUM(D11*E11) -> 0
A12: 8 | B12: Configurator | E12: 2000 | F12: =SUM(D12*E12) -> 0
B13: Total | E13: =SUM(E5:E12) -> 16000 | F13: =SUM(F5:F12) -> 0
A16: Unanticipated Tasks
A17: The Unanticipated Tasks Budget is a maximum of ten (10) percent (%) of the Base Contract Cost (excluding M&O). This Total will be included in the awarded contract. This cell is pre-calculated and not to be modified | F17: ='2. Cost Summary'!G33 -> 0

Sheet 8. Continuous Enhancements 
A1: 8. CONTINUOUS ENHANCEMENTS, IMPROVEMENTS, OR STATUTORY AND REGULATORY CHANGES
A2: Bidder Name: | C2: ='3. Base Contract Deliverables'!C2 -> 0
A3: (SOW Section 31 Table31B) The State expects during the 12-months Maintenance and Operation of the first base contract year and the two (2), one (1) year options of the contract period, enhancements, improvements, or statutory and regulatory changes may necessitate changes to the solution. These changes will be structured based on the Contractor's hourly labor rates identified in the cost worksheet. The Contractor may use other classifications not listed in this Cost Worksheet to perform work; however, the hourly rate charged by the Contractor will be at the lowest classification hourly rate provided.
A4: Item # | B4: Job Classification Title | D4: Hourly Rate (A) | E4: Estimated Hours (Evaluation Purposes Only (B)) | F4: Evaluation Total (.C) (A*B=C)
A5: 1 | B5: Project Manager | E5: 1940 | F5: =SUM(D5*E5) -> 0
A6: 2 | B6: Scrum Master | E6: 1940 | F6: =SUM(D6*E6) -> 0
A7: 3 | B7: Business Analyst Lead | E7: 1940 | F7: =SUM(D7*E7) -> 0
A8: 4 | B8: Configuration Lead | E8: 1940 | F8: =SUM(D8*E8) -> 0
A9: 5 | B9: Technical Lead | E9: 1940 | F9: =SUM(D9*E9) -> 0
A10: 6 | B10: Developer | E10: 1940 | F10: =SUM(D10*E10) -> 0
A11: 7 | B11: Business Analyst | E11: 1940 | F11: =SUM(D11*E11) -> 0
A12: 8 | B12: Configurator | E12: 1940 | F12: =SUM(D12*E12) -> 0
B13: Total | E13: =SUM(E5:E12) -> 15520 | F13: =SUM(F5:F12) -> 0
